 Dungeon Crawl Stone Soup version 0.27-a0-637-g3a9f0a9c12 (webtiles) character file.

Game seed: 4891737105103226476

165 SpunkyGob the Vandal (level 5, -8/32 HPs)
             Began as a Halfling Arcane Marksman on Mar 14, 2021.
             Killed from afar by an orc wizard (9 damage)
             ... with a magic dart
             ... on level 3 of the Dungeon.
             The game lasted 00:09:30 (3754 turns).

SpunkyGob the Vandal (Halfling Arcane Marksman)     Turns: 3754, Time: 00:09:30

Health: -8/32      AC:  3    Str: 11    XL:     5   Next: 75%
Magic:  7/7        EV: 14    Int: 12    God:
Gold:   170        SH:  0    Dex: 15    Spells: 1/7 levels left

rFire    . . .     SeeInvis .   f - +1 dagger (venom)
rCold    . . .     Faith    .   (shield restricted)
rNeg     . . .     Spirit   .   e - +0 robe
rPois    .         Reflect  .   (no helmet)
rElec    .         Harm     .   h - +0 cloak
rCorr    .         Rampage  .   (no gloves)
Will     .....                  (no boots)
Stlth    ++........             (no amulet)
HPRegen  0.10/turn              (no ring)
MPRegen  0.10/turn              (no ring)

@: no status effects
A: small, no large weapons, mutation resistance 1
a: no special abilities


You were on level 3 of the Dungeon.
You visited 1 branch of the dungeon, and saw 3 of its levels.

You collected 170 gold pieces.

Inventory:

Hand Weapons
 a - a +0 hunting sling
 f - a +1 dagger of venom (weapon)
 p - a +2 hunting sling of flaming
Missiles
 c - 18 poisoned darts
 d - 33 sling bullets
 g - 49 stones (quivered)
 l - a throwing net
Armour
 e - a +0 robe (worn)
 h - a +0 cloak (worn)
Scrolls
 i - 2 scrolls of identify {unknown}
 j - a scroll of magic mapping {unknown}
 k - 2 scrolls of enchant armour {unknown}
 m - a scroll of blinking {unknown}
 n - a scroll of amnesia {unknown}
Potions
 b - a potion of attraction {unknown}
 o - 2 potions of curing {unknown}
 q - a potion of brilliance {unknown}


   Skills:
 - Level 0.8 Fighting
 - Level 5.2 Slings
 - Level 2.1 Dodging
 + Level 3.1 Stealth
 * Level 1.7 Spellcasting
 - Level 3.0 Hexes


You had one spell level left.
You knew the following spells:

 Your Spells              Type           Power      Damage    Failure   Level
a - Corona                Hex            8%         N/A       9%          1
b - Slow                  Hex            8%         N/A       12%         2
c - Inner Flame           Hex/Fire       4%         N/A       41%         3

Your spell library contained the following spells:

 Spells                   Type           Power      Damage    Failure   Level
 Portal Projectile        Hex/Tloc       8%         N/A       41%         3
 Cause Fear               Hex            4%         N/A       63%         4
 Leda's Liquefaction      Hex/Erth       2%         N/A       83%         4


Dungeon Overview and Level Annotations

Branches:
Dungeon (3/15)

Altars:
Ashenzari
Cheibriados
Dithmenos
Elyvilon
Hepliaklqana
Kikubaaqudgha
Sif Muna
Uskayaw
Wu Jian
Xom
Yredelemnul
The Shining One

Annotations:
D:2 1 runed translucent door, Crazy Yiuf


Innate Abilities, Weirdness & Mutations

You are small and have problems with some larger weapons.
You are somewhat resistant to further mutation.


Message History

The ball python grabs you. The ball python constricts you.
You hit the ball python.
You kill the ball python!
The jackal completely misses you.
You hit the jackal.
The jackal is poisoned.
The jackal is moderately wounded.
The jackal barely misses you. The jackal bites you.
You kill the jackal!
A magic dart appears from out of thin air!
The magic dart hits you.
You aren't carrying any items that you can evoke.
Unknown command.
The orc shouts!
The orc wizard casts a spell at you. You resist with some effort.
You hit the orc wizard but do no damage.
The orc wizard is poisoned.
The orc wizard barely misses you.
You hit the orc wizard but do no damage.
The orc wizard closely misses you.
You hit the orc wizard.
The orc wizard looks as sick as possible!
The orc wizard is lightly wounded.
The orc wizard gestures at you while chanting.
The magic dart hits you! The orc closely misses you.
You hit the orc wizard.
The orc wizard looks as sick as possible!
The orc wizard is moderately wounded.
The orc wizard hits you with a +0 dagger.
The orc hits you but does no damage.
You completely miss the orc wizard.
The orc wizard is heavily wounded.
The orc wizard casts a spell at you. The puff of flame hits you!
* * * LOW HITPOINT WARNING * * *
The orc hits you with a +0 club.
* * * LOW HITPOINT WARNING * * *
The orc wizard points at you and mumbles some strange words.
The magic dart hits you!
You die...

######## #......# #.####.# ...
####.####.# .# #.......#.# ##
#.##.##.#.######
#.##.##.o.@....#
#.##....o.####.#
####{######### #.#
####..o....# #.# ###
........##.#########.#####.##
#..#{#..##.##.....##.##.....##
...#o#..##.##.....##.........#
.....#..##........#####.#...##
..).........#.....# #.#...#


You could see an orc wizard (extremely poisoned) and an orc.

Vanquished Creatures
  A howler monkey (D:2)
  Jessica (D:2)
  2 adders
  An ooze (D:1)
  4 worms (D:2)
  A dart slug (D:2)
  2 leopard geckos
  An orc (D:3)
  A ball python (D:3)
  2 bats
  4 giant cockroaches
  4 goblins
  8 hobgoblins
  8 jackals
  4 frilled lizards
  10 kobolds
  9 rats
63 creatures vanquished.

Notes
Turn   | Place    | Note
-------+----------+-------------------------------------------
     0 | D:1      | SpunkyGob the Halfling Arcane Marksman began the quest for
                  | the Orb.
     0 | D:1      | Reached XP level 1. HP: 12/12 MP: 2/2
    64 | D:1      | Reached skill level 4 in Slings
    64 | D:1      | Reached XP level 2. HP: 7/18 MP: 3/3
   502 | D:1      | Learned a level 2 spell: Slow
   974 | D:1      | Found a shimmering blue altar of Sif Muna.
   976 | D:1      | Found an ancient bone altar of Kikubaaqudgha.
   976 | D:1      | Found a shimmering altar of Xom.
   978 | D:1      | Found a bloodstained altar of Trog.
   978 | D:1      | Found a shimmering blue altar of Sif Muna.
   978 | D:1      | Found a hide-covered altar of Uskayaw.
  1101 | D:1      | Reached XP level 3. HP: 16/22 MP: 4/4
  1104 | D:1      | Reached skill level 1 in Stealth
  1507 | D:2      | Noticed Jessica
  1513 | D:2      | Killed Jessica
  1514 | D:2      | Reached skill level 5 in Slings
  1514 | D:2      | Reached XP level 4. HP: 27/27 MP: 5/5
  1544 | D:2      | Found a shadowy altar of Dithmenos.
  1574 | D:2      | Found a hazy altar of Hepliaklqana.
  1574 | D:2      | Found a basalt altar of Yredelemnul.
  1574 | D:2      | Found a glowing golden altar of the Shining One.
  1583 | D:2      | Found a white marble altar of Elyvilon.
  1583 | D:2      | Found an ornate altar of the Wu Jian Council.
  1779 | D:2      | Found a snail-covered altar of Cheibriados.
  1887 | D:2      | Reached XP level 5. HP: 22/32 MP: 6/6
  1901 | D:2      | Learned a level 3 spell: Inner Flame
  2337 | D:2      | Found a broken altar of Ashenzari.
  2428 | D:2      | HP: 1/32 [worm (12)]
  3252 | D:2      | Found a runed translucent door.
  3253 | D:2      | Noticed Crazy Yiuf
  3753 | D:3      | HP: 1/32 [orc/+0 club (1)]
  3754 | D:3      | Killed from afar by an orc wizard

Illustrated notes

Levels and vault maps discovered:
D:1:      nzn_arrival_water_spiral, layout_loops_corners, st_stairs_1,
          serial_bayou_ford_a, minmay_misc_feat_nine_boxes,
          minmay_misc_feat_diagonals, doesnt_xom_only_xom
D:2:      layout_loops_corners, minmay_overflow_temple_hex,
          general_overflow_altar, nicolae_overflow_hidden_temple, uniq_jessica,
          uniq_crazy_yiuf_cottage
D:3:      layout_loops_cross, fedhas_altar_4, lemuel_round_altar, uniq_sigmund

Skill      XL: |  1  2  3  4  5 |
---------------+----------------+-----
Slings         | 4 5 |  5.2
Stealth        | 2 3 |  3.1
Hexes          | 3 |  3.0
Fighting       | |  0.8
Dodging        | |  2.1
Spellcasting   | |  1.7

Action                   |  1- 3 |  4- 6 || total
-------------------------+-------+-------++-------
Melee: Dagger            |    49 |   143 ||   192
       Club              |     3 |       ||     3
 Fire: Hunting sling     |     3 |     2 ||     5
 Stab: Sleeping          |     2 |     3 ||     5
Armor: Robe              |     4 |    15 ||    19
Dodge: Dodged            |    28 |    87 ||   115

Table legend: (Time is in decaauts)
 A = Elapsed time spent in this place.
 B = Non-inter-level travel time spent in this place.
 C = Inter-level travel time spent in this place.
 D = Time resting spent in this place.
 E = Time spent auto-exploring this place.
 F = Levels seen in this place.
 G = Mean time per level.
                   A        B        C        D        E       F      G
               +--------+--------+--------+--------+--------+-----+--------+
         Total |   3769 |   3727 |     42 |    483 |   2628 |   3 | 1256.3 |
       Dungeon |   3769 |   3727 |     42 |    483 |   2628 |   3 | 1256.3 |
               +--------+--------+--------+--------+--------+-----+--------+

Top non-repeatable levels by time:
     D:2: 1855 daAuts
     D:1: 1491 daAuts
     D:3: 422 daAuts
